 Dungeon Crawl Stone Soup version 0.31-a0-986-g5e6e4ef867 (webtiles) character file.

Game seed: 17340150467007903353

26 Persephone the Changeling (level 3, 0/23 HPs)
             Began as an Octopode Shapeshifter on Nov 9, 2023.
             Slain by a dart slug (2 damage)
             ... on level 1 of the Dungeon.
             The game lasted 00:00:57 (515 turns).

Persephone the Changeling (Octopode Shapeshifter)    Turns: 515, Time: 00:00:58

Health: 0/23       AC:  1    Str: 15    XL:     3   Next: 8%
Magic:  3/3        EV: 13    Int: 12    God:
Gold:   60         SH:  0    Dex: 11    Spells: 2/2 levels left

rFire   . . .        i - +2 falchion (holy)
rCold   . . .        (no shield)
rNeg    . . .        (helmet currently unavailable)
rPois   .            (no amulet)
rElec   .            (no ring)
rCorr   .            (no ring)
SInv    .            (no ring)
Will    .....        (no ring)
Stlth   ++           (no ring)
HPRegen 0.23/turn    (no ring)
MPRegen 0.08/turn    (no ring)
                     (no ring)

%: no passive effects
@: beast-form
A: beast (slay +2), almost no armour, amphibious, 8 rings, camouflage 1,
gelatinous body 1, (nimble swimmer 1), tentacles
a: Begin Untransformation


You were on level 1 of the Dungeon.
You were a hulking beast.
You visited 1 branch of the dungeon, and saw 1 of its levels.

You collected 60 gold pieces.

Inventory:

Hand Weapons
 i - a +2 falchion of holy wrath (weapon)
Missiles
 k - 5 javelins
Talismans
 b - a beast talisman
 c - a flux talisman
Scrolls
 e - a scroll of enchant weapon {unknown}
 f - a scroll of blinking {unknown}
 g - a scroll of fear {unknown}
 j - a scroll of fog {unknown}
Potions
 a - 2 potions of lignification
 d - a potion of curing {unknown}
 h - a potion of heal wounds {unknown}


   Skills:
 + Level 1.6 Fighting
 - Level 2.0 Dodging
 - Level 3.2 Unarmed Combat
 * Level 3.5 Shapeshifting


You had 2 spell levels left.
You didn't know any spells.
Your spell library was empty.

Dungeon Overview and Level Annotations

Branches:
Dungeon (1/15)

Altars:


Innate Abilities, Weirdness & Mutations

You are a hulking beast.
Your limbs bulge with bestial killing power. (Slay +2)
You cannot wear most types of armour.
You are amphibious.
You can wear up to eight rings at the same time.
Your skin changes colour to match your surroundings (Stealth+).
Your rubbery body absorbs attacks. (AC +1, EV +1)
((You are camouflaged when in or above water. (Stealth+)))
You have tentacles for arms and can constrict up to eight enemies at once.


Message History

You are too injured to fight recklessly!
You closely miss the ball python. You grab the ball python.
You constrict the ball python. The ball python closely misses you.
The ball python constricts you. The frilled lizard barely misses you.
You hit the ball python.
You kill the ball python!
The frilled lizard barely misses you. The jackal barely misses you.
You hit the frilled lizard.
You kill the frilled lizard!
The jackal closely misses you. The jackal barely misses you.
The quokka bites you.
You slash the jackal!
You kill the jackal!
The quokka bites you.
You have reached level 3!
Your experience leads to an increase in your attributes!
Increase (S)trength, (I)ntelligence, or (D)exterity?
You feel stronger. x2
You slash the goblin!
You kill the goblin!
The quokka barely misses you. The dart slug launches a dart at you.
The slug dart hits you.
* * * LOW HITPOINT WARNING * * *
The quokka misses you.
You barely miss the quokka. Your grab misses the quokka.
You tentacle-slap the quokka, but do no damage.
The quokka misses you. The dart slug launches a dart at you.
The slug dart hits you.
* * * LOW HITPOINT WARNING * * *
You slash the quokka!
You kill the quokka!
The dart slug misses you.
Things that are here:
a +0 club; a jackal corpse; a ball python corpse You hit the dart slug.
You grab the dart slug.
The dart slug is moderately wounded.
You constrict the dart slug. The dart slug bites you.
You die...

......###...............
.[......#.#.#.#.#.#.#...
####......>.............
####...#÷#.#.#.#.#...
###..............
###.#.#.#.#.#.
#...........
##.#.#.#.#.##
#÷..÷..hw...#
###########.#.#.#.#.#...
........#...÷...†......
#######...#.#.#.#.#.#..
###########..... ......
#######


You could see a dart slug.

Vanquished Creatures
  A dart slug (D:1)
  4 goblins (D:1)
  3 hobgoblins (D:1)
  2 jackals (D:1)
  A quokka (D:1)
  5 ball pythons (D:1)
  A bat (D:1)
  4 frilled lizards (D:1)
  A kobold (D:1)
  2 rats (D:1)
24 creatures vanquished.

Notes
Turn   | Place    | Note
-------+----------+-------------------------------------------
     0 | D:1      | Persephone the Octopode Shapeshifter began the quest for
                  | the Orb.
     0 | D:1      | Reached XP level 1. HP: 13/13 MP: 1/1
   172 | D:1      | Reached XP level 2. HP: 17/18 MP: 2/2
   511 | D:1      | Reached XP level 3. HP: 7/23 MP: 3/3
   512 | D:1      | HP: 1/23 [dart slug/slug dart (3)]
   515 | D:1      | Slain by a dart slug

Illustrated notes

Levels and vault maps discovered:
D:1:      dpeg_arrival_windows_large_door, layout_rooms, st_stairs_10

Action                     || total
---------------------------++-------
  Melee: Unarmed           ||    20
         Constrict         ||    14
         Tentacles         ||     6
         Falchion          ||    15
         Punch             ||     2
   Stab: Sleeping          ||     1
 Armour: Skin              ||    21
  Dodge: Dodged            ||    23

Table legend: (Time is in decaauts)
 A = Elapsed time spent in this place.
 B = Non-inter-level travel time spent in this place.
 C = Inter-level travel time spent in this place.
 D = Time resting spent in this place.
 E = Time spent auto-exploring this place.
 F = Levels seen in this place.
 G = Mean time per level.
                   A        B        C        D        E       F      G
               +--------+--------+--------+--------+--------+-----+--------+
         Total |    517 |    517 |      0 |      0 |    401 |   1 |  517.0 |
       Dungeon |    517 |    517 |      0 |      0 |    401 |   1 |  517.0 |
               +--------+--------+--------+--------+--------+-----+--------+

Top non-repeatable levels by time:
     D:1: 517 daAuts
